 Dungeon Crawl Stone Soup version 0.28.0-62-gf88900778d (webtiles) character file.

Game seed: 8230366555295387515

193 cbfl8 the Chopper (level 5, -3/48 HPs)
             Began as a Minotaur Monk on Sept 13, 2023.
             Splashed by a jelly's acid (11 damage)
             ... on level 3 of the Dungeon.
             The game lasted 00:04:17 (3553 turns).

cbfl8 the Chopper (Minotaur Monk)                   Turns: 3553, Time: 00:04:18

Health: -3/48      AC:  1    Str: 15    XL:     5   Next: 44%
Magic:  4/4        EV: 11    Int:  7    God:
Gold:   147        SH:  0    Dex: 15    Spells: 4/4 levels left

rFire   . . .      SeeInvis .   a - +0 hand axe
rCold   . . .      Faith    .   (no shield)
rNeg    . . .      Spirit   .   j - +0 ring mail
rPois   .          Reflect  .   (helmet restricted)
rElec   .          Harm     .   (no cloak)
rCorr   .          Rampage  .   (no gloves)
Will    .....                   (no boots)
Stlth   +.........              (no amulet)
HPRegen 0.16/turn               (no ring)
MPRegen 0.09/turn               (no ring)

@: corroded
A: horns 2, retaliatory headbutt
a: no special abilities


You were on level 3 of the Dungeon.
You visited 1 branch of the dungeon, and saw 4 of its levels.

You collected 147 gold pieces.

Inventory:

Hand Weapons
 a - a +0 hand axe (weapon)
Armour
 j - a +0 ring mail (worn)
Scrolls
 c - a scroll of noise {unknown}
 d - a scroll of fear {unknown}
 e - 2 scrolls of teleportation {unknown}
 f - a scroll of silence {unknown}
 g - a scroll of blinking {unknown}
 i - a scroll of identify {unknown}
Potions
 h - a potion of heal wounds {unknown}


   Skills:
 + Level 5.0 Fighting
 + Level 5.8 Axes
 - Level 3.2 Dodging
 - Level 1.5 Stealth
 * Level 2.0 Evocations


You had 4 spell levels left.
You didn't know any spells.
Your spell library contained the following spells:

 Spells                   Type           Power      Damage    Failure   Level
 Corpse Rot               Necr/Air       0%         N/A       80%         2
 Ensorcelled Hibernation  Hex/Ice        0%         N/A       80%         2
 Passwall                 Tmut/Erth      0%         N/A       80%         2
 Swiftness                Air            0%         N/A       95%         3
 Dispel Undead            Necr           0%         3d6       100%        4
 Death Channel            Necr           0%         N/A       100%        6


Dungeon Overview and Level Annotations

Branches:
Dungeon (4/15)
 Temple: D:4-7

Altars:


Innate Abilities, Weirdness & Mutations

You have a pair of horns on your head.
You reflexively headbutt those who attack you in melee.


Message History

You hit the gnoll but do no damage.
The gnoll is severely wounded.
The gnoll hits you but does no damage.
You slash the gnoll!
You kill the gnoll!
You see here a +0 whip.
You start resting.
HP restored.
You start waiting.
Done waiting.
There is a stone staircase leading down, spattered with blood here.
You climb downwards.
The hound skeleton bites you but does no damage.
The gnoll hits you from afar with a +0 halberd!
The gnoll hits you with a +0 club. The jelly misses you.
The hound skeleton bites you but does no damage.
The gnoll hits you from afar with a +0 halberd!
There is a stone staircase leading up, spattered with blood here.
The gnoll hits you with a +0 club. The jelly closely misses you.
The hound skeleton bites you. The gnoll barely misses you.
You climb upwards.
There is a stone staircase leading down, spattered with blood here.
You are too injured to fight recklessly!
Unknown command.
You are too injured to fight recklessly!
Unknown command.
You are too injured to fight recklessly!
Unknown command.
You hit the jelly.
Your hands burn!
The jelly is lightly wounded.
You hit the gnoll. The gnoll barely misses you. The jelly closely misses you.
You hit the jelly. The acid corrodes you!
Your hands burn!
You headbutt the jelly.
The jelly is moderately wounded.
You hit the gnoll but do no damage. The gnoll hits you with a +0 club.
* * * LOW HITPOINT WARNING * * *
The jelly hits you.
* * * LOW HITPOINT WARNING * * *
You are splashed with acid!
You die...

########################
#.......................
#..#####################
##...# ############
###.########...#.......
#..J)g..).........### ###
##..@.......[......#
#.#####
#................(#
#.....#
#..)............####
###...#
#...............#...
##..#
#...............#...
#..###..).........##.#...
#....#.........####..#...
###............# #..#...
##.#.........# ##..#...


You could see a jelly and a gnoll.

Vanquished Creatures
  A scorpion (D:3)
  A gnoll (D:3)
  4 adders
  3 worms
  3 dart slugs
  3 bats
  5 endoplasms
  2 giant cockroaches (D:1)
  7 goblins
  13 hobgoblins
  4 jackals (D:3)
  5 quokkas
  5 ball pythons
  6 frilled lizards
  5 kobolds
  3 rats
  A spectral goblin (D:1)
71 creatures vanquished.

Notes
Turn   | Place    | Note
-------+----------+-------------------------------------------
     0 | D:1      | cbfl8 the Minotaur Monk began the quest for the Orb.
     0 | D:1      | Reached XP level 1. HP: 19/19 MP: 0/0
   224 | D:1      | Reached XP level 2. HP: 27/27 MP: 1/1
   520 | D:1      | Reached skill level 1 in Evocations
   664 | D:1      | Found a faded altar of an unknown god.
   934 | D:1      | Reached XP level 3. HP: 29/33 MP: 2/2
  1692 | D:2      | Reached XP level 4. HP: 38/41 MP: 3/3
  2231 | D:3      | Reached skill level 5 in Axes
  2619 | D:3      | Noticed a scorpion
  2639 | D:3      | Killed a scorpion
  2640 | D:3      | Reached skill level 5 in Fighting
  2640 | D:3      | Reached XP level 5. HP: 4/48 MP: 4/4
  2641 | D:3      | HP: 2/48 [poisoned by a scorpion]
  3553 | D:3      | Splashed by a jelly's acid

Illustrated notes

Levels and vault maps discovered:
D:1:      lightli_arrival_noodles, layout_loops_ring,
          dreamdust_ecumenical_altar_drowned_temple
D:2:      layout_loops_ring, minmay_pentomino_v2
D:3:      layout_rooms, grunt_ministairs_14, kennysheep_path_1
D:4:      layout_cave_pools, tso_metal_star,
          mainiacjoe_overflow_concentric_impassable, gammafunk_ghost_mausoleum

Skill      XL: |  1  2  3  4  5 |
---------------+----------------+-----
Axes           | 4 5 |  5.8
Fighting       | 4 5 |  5.0
Evocations     | 1 2 |  2.0
Dodging        | |  3.2
Stealth        | |  1.5

Action                   |  1- 3 |  4- 6 || total
-------------------------+-------+-------++-------
Melee: Hand axe          |    84 |    65 ||   149
       Headbutt          |    20 |    17 ||    37
       Punch             |       |     1 ||     1
 Stab: Sleeping          |     6 |     2 ||     8
Armor: Robe              |    11 |     7 ||    18
       Ring mail         |       |     8 ||     8
Dodge: Dodged            |    41 |    42 ||    83
